 Dungeon Crawl Stone Soup version 0.32-a0-42-ga30500b4d3 (webtiles) character file.

Game seed: 2211093880503730376

211 gruber the Conjurer (level 5, -3/28 HPs)
             Began as a Deep Elf Conjurer on Feb 1, 2024.
             Slain by a yak (10 damage)
             ... on level 4 of the Dungeon.
             The game lasted 00:02:55 (2997 turns).

gruber the Conjurer (Deep Elf Conjurer)             Turns: 2997, Time: 00:02:56

Health: -3/28      AC:  4    Str:  4    XL:     5   Next: 57%
Magic:  11/14      EV: 12    Int: 25    God:
Gold:   136        SH:  0    Dex: 13    Spells: 11/14 levels left

rFire   + . .        i - +8 short sword "Emuz" {protect, rF+ rN+ Will+}
rCold   . . .        (no shield)
rNeg    + . .        a - +0 robe
rPois   .            (no helmet)
rElec   .            (no cloak)
rCorr   .            (no gloves)
SInv    .            o - +1 pair of boots
Will    +....        (no amulet)
Stlth   ++           (no ring)
HPRegen 0.24/turn    (no ring)
MPRegen 0.14/turn

%: no passive effects
@: no status effects
A: no striking features
a: no special abilities


You were on level 4 of the Dungeon.
You visited 1 branch of the dungeon, and saw 4 of its levels.

You collected 136 gold pieces.

Inventory:

Hand Weapons
 i - the +8 short sword "Emuz" (weapon) {protect, rF+ rN+ Will+}
   (You found it on level 3 of the Dungeon)

   rF+:       It protects you from fire.
   rN+:       It protects you from negative energy.
   Will+:     It increases your willpower.
Armour
 a - a +0 robe (worn)
 o - a +1 pair of boots (worn)
Jewellery
 d - a ring of ice
Scrolls
 g - a scroll of revelation {unknown}
 h - a scroll of butterflies {unknown}
 j - a scroll of poison {unknown}
 l - a scroll of enchant armour {unknown}
 n - a scroll of identify {unknown}
 p - a scroll of amnesia {unknown}
Potions
 b - a potion of magic
 c - 5 potions of curing {unknown}
 e - a potion of brilliance {unknown}
 f - a potion of mutation {unknown}
 k - 3 potions of degeneration {unknown}
 m - 2 potions of heal wounds {unknown}


   Skills:
 - Level 2.4 Dodging
 - Level 2.4 Stealth
 + Level 5.1 Spellcasting
 + Level 6.7 Conjurations


You had 11 spell levels left.
You knew the following spells:

 Your Spells              Type           Power      Damage    Failure   Level
a - Magic Dart            Conj           100%       1d8       1%          1
b - Searing Ray           Conj           80%        2d7       1%          2

Your spell library contained the following spells:

 Spells                   Type           Power      Damage    Failure   Level
 Lesser Beckoning         Tloc           12%        N/A       12%         2
 Fulminant Prism          Conj/Alch      11%        3d9       21%         4
 Iskenderun's Mystic Bla  Conj/Tloc      23%        2d6       21%         4
 Fugue of the Fallen      Necr           6%         N/A       24%         3
 Gell's Gravitas          Tloc           6%         N/A       24%         3
 Ozocubu's Armour         Ice            6%         N/A       24%         3
 Teleport Other           Tloc           6%         N/A       24%         3
 Tukima's Dance           Hex            6%         N/A       24%         3
 Manifold Assault         Tloc           6%         N/A       63%         4
 Passage of Golubria      Tloc           6%         N/A       63%         4
 Yara's Violent Unravell  Hex/Alch       3%         3d4       92%         5


Dungeon Overview and Level Annotations

Branches:
Dungeon (4/15)
 Temple: D:4-7

Altars:


Message History

No target in view!
p - a scroll labelled YDAR CYTOEWYETO You see here a ball python corpse. 2 yaks come into view.
The yak bellows! x2; You hear a bellow!
A yak comes into view.
There are monsters nearby!
There are monsters nearby!
The yak attacks as it pursues you! The yak barely misses you.
A yak comes into view.
You see here a ball python corpse.
Casting: Magic Dart (safe; 1% risk of failure)
Confirm with . or Enter, or press ? or * to list all spells.
Okay, then.
You aren't carrying any items that you can evoke.
Unknown command.
The yak attacks as it pursues you! The yak gores you.
Casting: Magic Dart (safe; 1% risk of failure)
Confirm with . or Enter, or press ? or * to list all spells.
Aiming: Searing Ray (safe; 1% risk of failure)
Press: ? - help, Shift-Dir - straight line, f - yak
Aim: a yak (89% to hit)
The searing ray hits the yak.
The yak is lightly wounded.
The searing ray hits the yak!
The yak is moderately wounded. (Press . to maintain the ray.)
The yak bellows!
The yak gores you!
Ouch! That really hurt!
* * * LOW HITPOINT WARNING * * *
Unknown command.
The searing ray hits the yak!
The yak is heavily wounded.
The searing ray hits the yak.
The yak is moderately wounded.
The searing ray hits the yak!
The yak is moderately wounded.
The yak gores you!
You die...

#.# #.# #Y#
#†# #Y# #.#
#Y# #. #Y#
..# #@# #.#
#)#######.#
#.........#
#.######..#
##.#
#.)#######
#..#
#........##
#..#
##.#.###.#.
#..# #.#.#
#..# #..#
#.#.###.##


You could see 4 yaks.

Vanquished Creatures
  Jessica (D:3)
  Natasha (thrice) (D:3)
  An orc wizard (D:3)
  An adder (D:2)
  4 ribbon worms
  10 orcs
  7 ball pythons
  3 endoplasms
  3 giant cockroaches
  4 goblins
  5 hobgoblins
  2 jackals (D:1)
  8 kobolds
  A quokka (D:1)
  2 bats
  4 frilled lizards
  5 rats
64 creatures vanquished.

Notes
Turn   | Place    | Note
-------+----------+-------------------------------------------
     0 | D:1      | gruber the Deep Elf Conjurer began the quest for the Orb.
     0 | D:1      | Reached XP level 1. HP: 10/10 MP: 6/6
   296 | D:1      | Reached XP level 2. HP: 15/15 MP: 6/8
   358 | D:1      | Learned a level 2 spell: Searing Ray
   422 | D:1      | Reached skill level 5 in Conjurations
  1385 | D:2      | Reached XP level 3. HP: 19/19 MP: 7/9
  1928 | D:3      | Noticed Natasha
  1934 | D:3      | Killed Natasha
  1935 | D:3      | Reached XP level 4. HP: 16/24 MP: 4/12
  2069 | D:3      | Noticed Jessica
  2069 | D:3      | Noticed Natasha
  2076 | D:3      | Killed Jessica
  2077 | D:3      | Reached skill level 6 in Conjurations
  2125 | D:3      | Identified the +8 short sword "Emuz" {protect, rF+ rN+
                  | Will+}
  2276 | D:3      | Killed Natasha
  2392 | D:3      | Noticed Natasha
  2397 | D:3      | Killed Natasha
  2398 | D:3      | Reached XP level 5. HP: 23/28 MP: 10/14
  2694 | D:3      | Reached skill level 5 in Spellcasting
  2983 | D:4      | Noticed a yak
  2983 | D:4      | Noticed a yak
  2983 | D:4      | Noticed a yak
  2989 | D:4      | Noticed a yak
  2997 | D:4      | Slain by a yak

Illustrated notes

Levels and vault maps discovered:
D:1:      dpeg_arrival_simpleton_c, layout_loops_ring
D:2:      layout_loops_ring
D:3:      layout_loops_cross, uniq_natasha, uniq_jessica
D:4:      layout_loops_ring, nicolae_sif_muna_little_library,
          beargit_hepliaklqana_dungeon_heroes

Skill      XL: |  1  2  3  4  5 |
---------------+----------------+-----
Conjurations   | 5 6 |  6.7
Spellcasting   | 4 5 |  5.1
Dodging        | |  2.4
Stealth        | |  2.4

Action                     |  1- 3 |  4- 6 || total
---------------------------+-------+-------++-------
  Melee: Short sword       |       |    24 ||    24
   Cast: Magic Dart        |    70 |    20 ||    90
         Searing Ray       |     1 |     7 ||     8
   Stab: Sleeping          |       |     1 ||     1
 Armour: Robe              |     4 |    14 ||    18
  Dodge: Dodged            |     2 |    16 ||    18

Table legend: (Time is in decaauts)
 A = Elapsed time spent in this place.
 B = Non-inter-level travel time spent in this place.
 C = Inter-level travel time spent in this place.
 D = Time resting spent in this place.
 E = Time spent auto-exploring this place.
 F = Levels seen in this place.
 G = Mean time per level.
                   A        B        C        D        E       F      G
               +--------+--------+--------+--------+--------+-----+--------+
         Total |   3001 |   2848 |    153 |      0 |   2550 |   4 |  750.2 |
       Dungeon |   3001 |   2848 |    153 |      0 |   2550 |   4 |  750.2 |
               +--------+--------+--------+--------+--------+-----+--------+

Top non-repeatable levels by time:
     D:3: 1049 daAuts
     D:2: 957 daAuts
     D:1: 842 daAuts
     D:4: 151 daAuts
